General information
- name: BNet
- type: Ladder team game (AT/RT)
- host: Battle.net
- saver: SmokeBreak
map: TwilightRuins
- players: 8
- length: 20:24
- speed: Fast
- version: 1.28 W3XP
- replay type: Public
» download(212 KB)
Players
team 1 (winner)
Steve092 (
pink | 73 APM | 1483 actions | 20:23)
4 Blademaster
2 Wind Walk
2 Critical Strike
4 Shadow Hunter
2 Hex
2 Healing Wave
» actions
| Build / train | 87 | |
| Enter build submenu | 32 | |
| Enter hero's abilities submenu | 8 | |
| Give item / drop item | 2 | |
| Remove unit from queue | 10 | |
| Right click | 772 | |
| Select / deselect | 479 | |
| Use ability | 93 | |
1483 total
» units
| Peon | 17 | |
| Wind Rider | 21 | |
| Troll Batrider | 1 | |
39 total
» upgrades
| Ranged Weapons | 1 | |
| Armor | 1 | |
| Reinforced Defenses | 1 | |
| Envenomed Spears | 1 | |
4 total
» buildings
| Altar of Storms | 1 | |
| Orc Burrow | 6 | |
| Voodoo Lounge | 1 | |
| Stronghold | 2 | |
| Great Hall | 2 | |
| Beastiary | 3 | |
| War Mill | 1 | |
| Fortress | 2 | |
| Watch Tower | 14 | |
32 total
» build order
00:13 Altar of Storms
00:17 Orc Burrow
00:40 Voodoo Lounge
02:26 Stronghold
02:27 Stronghold
02:38 Orc Burrow
03:38 Great Hall
04:03 Orc Burrow
05:01 Beastiary
05:05 Beastiary
09:12 Orc Burrow
09:13 Orc Burrow
09:15 Orc Burrow
09:17 War Mill
10:04 Fortress
10:05 Fortress
11:06 Watch Tower
11:07 Watch Tower
12:13 Watch Tower
12:16 Watch Tower
14:33 Watch Tower
14:34 Watch Tower
14:36 Watch Tower
14:38 Watch Tower
17:30 Beastiary
17:43 Great Hall
17:45 Watch Tower
17:46 Watch Tower
17:48 Watch Tower
18:55 Watch Tower
18:56 Watch Tower
18:58 Watch Tower
» items
| Healing Salve | 4 | |
| Lesser Clarity Potion | 6 | |
| Boots of Speed | 2 | |
| Potion of Healing | 1 | |
| Scroll of Town Portal | 1 | |
| Orb of Lightning | 1 | |
15 total

»
caHTa-aHyc (
green | 102 APM | 2085 actions | 20:23)
5 Demon Hunter
3 Immolation
1 Mana Burn
1 Evasion
3 Keeper of the Grove
2 Entangling Roots
1 Thorns Aura
» actions
| Assign group hotkey | 24 | |
| Basic commands | 398 | |
| Build / train | 70 | |
| Enter build submenu | 18 | |
| Enter hero's abilities submenu | 8 | |
| Give item / drop item | 4 | |
| Remove unit from queue | 1 | |
| Right click | 427 | |
| Select / deselect | 280 | |
| Select group hotkey | 766 | |
| Use ability | 89 | |
2085 total
» units
| Wisp | 23 | |
| Archer | 7 | |
| Dryad | 4 | |
| Druid of the Claw | 5 | |
39 total
» upgrades
| Abolish Magic | 1 | |
| Druid of the Claw Training | 2 | |
| Strength of the Wild | 3 | |
| Reinforced Hides | 3 | |
| Mark of the Claw | 1 | |
| Nature's Blessing | 1 | |
| Well Spring | 1 | |
12 total
» buildings
| Altar of Elders | 1 | |
| Moon Well | 8 | |
| Ancient of War | 1 | |
| Ancient of Wonders | 1 | |
| Tree of Ages | 1 | |
| Hunter's Hall | 1 | |
| Tree of Eternity | 1 | |
| Ancient of Lore | 2 | |
| Tree of Life | 1 | |
| Ancient Protector | 3 | |
20 total
» build order
00:09 Altar of Elders
00:14 Moon Well
00:33 Ancient of War
01:37 Moon Well
01:45 Ancient of Wonders
02:58 Moon Well
03:35 Tree of Ages
04:34 Moon Well
04:38 Hunter's Hall
06:43 Tree of Eternity
06:48 Ancient of Lore
06:50 Ancient of Lore
08:49 Tree of Life
10:16 Moon Well
10:19 Moon Well
10:27 Moon Well
10:34 Ancient Protector
10:37 Ancient Protector
11:17 Moon Well
13:42 Ancient Protector
» items
| Lesser Clarity Potion | 1 | |
| Dust of Appearance | 1 | |
| Orb of Venom | 1 | |
| Scroll of Town Portal | 2 | |
| Staff of Preservation | 1 | |
6 total
coolbeat (
blue | 45 APM | 915 actions | 20:23)
6 Demon Hunter
2 Immolation
3 Evasion
1 Metamorphosis
» actions
| Assign group hotkey | 11 | |
| Basic commands | 49 | |
| Build / train | 49 | |
| ESC pressed | 1 | |
| Enter build submenu | 14 | |
| Enter hero's abilities submenu | 6 | |
| Give item / drop item | 2 | |
| Right click | 266 | |
| Select / deselect | 234 | |
| Select group hotkey | 171 | |
| Use ability | 112 | |
915 total
» units
» upgrades
| Reinforced Hides | 3 | |
| Strength of the Wild | 3 | |
| Hardened Skin | 1 | |
| Resistant Skin | 1 | |
| Well Spring | 1 | |
| Nature's Blessing | 1 | |
10 total
» buildings
| Altar of Elders | 1 | |
| Moon Well | 9 | |
| Hunter's Hall | 1 | |
| Ancient Protector | 2 | |
| Tree of Ages | 2 | |
| Ancient of Lore | 2 | |
| Ancient of Wonders | 1 | |
| Tree of Eternity | 2 | |
20 total
» build order
00:03 Altar of Elders
00:05 Moon Well
01:33 Hunter's Hall
02:01 Moon Well
02:35 Ancient Protector
02:36 Ancient Protector
03:04 Tree of Ages
03:04 Tree of Ages
03:50 Moon Well
03:52 Moon Well
06:19 Ancient of Lore
06:20 Ancient of Lore
06:25 Ancient of Wonders
06:30 Tree of Eternity
06:30 Tree of Eternity
06:32 Moon Well
11:14 Moon Well
11:15 Moon Well
11:16 Moon Well
11:18 Moon Well
» items
| Potion of Invulnerability | 1 | |
| Boots of Speed | 1 | |
| Scroll of Town Portal | 3 | |
| Circlet of Nobility | 1 | |
| Orb of Venom | 1 | |
7 total
SmokeBreak (
teal | 63 APM | 1281 actions | 20:24)
5 Paladin
1 Devotion Aura
3 Holy Light
1 Divine Shield
» actions
| Assign group hotkey | 14 | |
| Basic commands | 33 | |
| Build / train | 48 | |
| Enter build submenu | 20 | |
| Enter hero's abilities submenu | 5 | |
| Remove unit from queue | 4 | |
| Right click | 492 | |
| Select / deselect | 269 | |
| Select group hotkey | 343 | |
| Use ability | 53 | |
1281 total
» units
| Peasant | 8 | |
| Footman | 10 | |
| Goblin Shredder | 1 | |
19 total
» upgrades
| Defend | 1 | |
| Swords | 3 | |
| Plating | 3 | |
| Masonry | 1 | |
| Animal War Training | 1 | |
| Long Rifles | 1 | |
10 total
» buildings
| Keep | 1 | |
| Barracks | 6 | |
| Altar of Kings | 1 | |
| Farm | 7 | |
| Town Hall | 1 | |
| Blacksmith | 2 | |
| Lumber Mill | 1 | |
| Castle | 1 | |
20 total
» build order
02:24 Keep
03:38 Barracks
03:39 Barracks
03:44 Barracks
03:47 Barracks
03:48 Barracks
03:50 Barracks
05:23 Altar of Kings
05:28 Farm
05:28 Farm
05:29 Farm
05:30 Farm
05:43 Farm
05:55 Farm
08:50 Town Hall
09:03 Blacksmith
09:15 Blacksmith
12:09 Lumber Mill
13:26 Castle
13:58 Farm
» items
| Scroll of Town Portal | 4 | |
| Boots of Speed | 1 | |
| Healing Salve | 1 | |
| Orb of Lightning | 1 | |
7 total
team 2 (loser)

»
Black_swordsman (
yellow | 70 APM | 1378 actions | 19:44)
4 Death Knight
2 Death Coil
2 Unholy Aura
3 Lich
2 Frost Nova
1 Frost Armor
» actions
| Assign group hotkey | 31 | |
| Basic commands | 56 | |
| Build / train | 56 | |
| ESC pressed | 3 | |
| Enter build submenu | 23 | |
| Enter hero's abilities submenu | 7 | |
| Right click | 603 | |
| Select / deselect | 274 | |
| Select group hotkey | 263 | |
| Use ability | 62 | |
1378 total
» units
| Acolyte | 9 | |
| Ghoul | 4 | |
| Crypt Fiend | 18 | |
| Obsidian Statue | 2 | |
33 total
» upgrades
| Creature Attack | 2 | |
| Web | 1 | |
| Destroyer Form | 1 | |
| Creature Carapace | 1 | |
5 total
» buildings
| Graveyard | 1 | |
| Crypt | 1 | |
| Ziggurat | 9 | |
| Altar of Darkness | 2 | |
| Tomb of Relics | 1 | |
| Nerubian Tower | 2 | |
| Halls of the Dead | 2 | |
| Necropolis | 3 | |
| Slaughterhouse | 1 | |
| Black Citadel | 1 | |
| Spirit Tower | 1 | |
24 total
» build order
00:06 Graveyard
00:11 Crypt
00:37 Ziggurat
00:56 Altar of Darkness
01:43 Tomb of Relics
01:59 Ziggurat
02:08 Nerubian Tower
02:08 Nerubian Tower
04:05 Halls of the Dead
04:37 Ziggurat
07:38 Ziggurat
08:27 Necropolis
10:11 Slaughterhouse
10:22 Black Citadel
12:15 Altar of Darkness
15:22 Necropolis
17:11 Halls of the Dead
17:17 Ziggurat
17:24 Ziggurat
18:09 Ziggurat
18:10 Ziggurat
18:11 Ziggurat
19:35 Necropolis
19:38 Spirit Tower
» items
| Rod of Necromancy | 1 | |
| Potion of Mana | 1 | |
| Potion of Healing | 1 | |
3 total
Grandi0se (
purple | 41 APM | 836 actions | 20:22)
5 Tauren Chieftain
3 War Stomp
2 Endurance Aura
» actions
| Assign group hotkey | 10 | |
| Basic commands | 1 | |
| Build / train | 52 | |
| Enter build submenu | 27 | |
| Enter hero's abilities submenu | 5 | |
| Give item / drop item | 1 | |
| Remove unit from queue | 3 | |
| Right click | 406 | |
| Select / deselect | 242 | |
| Select group hotkey | 24 | |
| Use ability | 65 | |
836 total
» units
| Peon | 14 | |
| Troll Headhunter/Berserker | 9 | |
| Wind Rider | 1 | |
| Troll Batrider | 6 | |
| Goblin Shredder | 1 | |
31 total
» upgrades
| Ranged Weapons | 1 | |
| Troll Regeneration | 1 | |
| Berserker Upgrade | 1 | |
| Liquid Fire | 1 | |
4 total
» buildings
| War Mill | 2 | |
| Orc Burrow | 9 | |
| Barracks | 2 | |
| Altar of Storms | 1 | |
| Voodoo Lounge | 2 | |
| Great Hall | 2 | |
| Watch Tower | 4 | |
| Stronghold | 1 | |
| Fortress | 1 | |
| Beastiary | 3 | |
27 total
» build order
00:09 War Mill
00:11 Orc Burrow
01:19 Barracks
01:41 Altar of Storms
02:06 Orc Burrow
02:55 Barracks
04:05 Orc Burrow
04:22 Voodoo Lounge
05:22 Great Hall
05:38 Watch Tower
05:47 Watch Tower
05:52 Watch Tower
06:10 Watch Tower
07:10 Stronghold
08:13 Orc Burrow
08:14 Orc Burrow
09:31 Fortress
09:39 War Mill
11:15 Beastiary
13:16 Orc Burrow
13:17 Orc Burrow
13:18 Orc Burrow
13:29 Voodoo Lounge
13:57 Orc Burrow
14:06 Beastiary
14:51 Beastiary
15:57 Great Hall
» items
| Healing Salve | 2 | |
| Potion of Invulnerability | 1 | |
| Boots of Speed | 1 | |
| Orb of Lightning | 1 | |
| Scroll of Town Portal | 1 | |
6 total

»
Tearer (
red | 65 APM | 1327 actions | 20:19)
4 Goblin Tinker
2 Pocket Factory
2 Engineering Upgrade
2 Priestess of the Moon
1 Trueshot Aura
1 Scout
» actions
| Assign group hotkey | 32 | |
| Basic commands | 69 | |
| Build / train | 130 | |
| Enter build submenu | 19 | |
| Enter hero's abilities submenu | 6 | |
| Give item / drop item | 3 | |
| Remove unit from queue | 2 | |
| Right click | 508 | |
| Select / deselect | 232 | |
| Select group hotkey | 251 | |
| Use ability | 75 | |
1327 total
» units
| Wisp | 24 | |
| Archer | 23 | |
| Goblin Shredder | 2 | |
| Druid of the Talon | 8 | |
| Hippogryph | 8 | |
65 total
» upgrades
| Moon Armor | 3 | |
| Strength of the Moon | 1 | |
| Well Spring | 1 | |
| Nature's Blessing | 1 | |
| Druid of the Talon Training | 2 | |
| Improved Bows | 1 | |
| Reinforced Hides | 2 | |
11 total
» buildings
| Ancient of War | 1 | |
| Moon Well | 5 | |
| Altar of Elders | 1 | |
| Tree of Ages | 2 | |
| Tree of Life | 1 | |
| Hunter's Hall | 1 | |
| Tree of Eternity | 3 | |
| Ancient Protector | 5 | |
| Ancient of Wonders | 1 | |
| Ancient of Wind | 2 | |
22 total
» build order
00:29 Ancient of War
00:34 Moon Well
01:09 Altar of Elders
01:28 Moon Well
02:47 Tree of Ages
02:47 Tree of Ages
03:27 Tree of Life
04:00 Moon Well
04:41 Hunter's Hall
05:35 Tree of Eternity
05:35 Tree of Eternity
05:58 Ancient Protector
06:02 Ancient of Wonders
06:11 Ancient Protector
09:23 Ancient Protector
09:25 Ancient Protector
09:42 Ancient Protector
10:19 Ancient of Wind
13:29 Moon Well
13:33 Moon Well
15:48 Ancient of Wind
» items
| Scroll of Town Portal | 10 | |
| Potion of Healing | 5 | |
| Anti-magic Potion | 3 | |
| Staff of Preservation | 1 | |
| Orb of Venom | 1 | |
20 total
DoNotTry (
orange | 56 APM | 1094 actions | 19:41)
4 Mountain King
2 Storm Bolt
2 Bash
» actions
| Assign group hotkey | 6 | |
| Basic commands | 12 | |
| Build / train | 74 | |
| Enter build submenu | 32 | |
| Enter hero's abilities submenu | 4 | |
| Give item / drop item | 1 | |
| Remove unit from queue | 3 | |
| Right click | 475 | |
| Select / deselect | 215 | |
| Select group hotkey | 218 | |
| Use ability | 54 | |
1094 total
» units
| Peasant | 17 | |
| Flying Machine | 12 | |
29 total
» upgrades
| Masonry | 3 | |
| Lumber Harvesting | 1 | |
| Gunpowder | 2 | |
| Plating | 3 | |
| Flak Cannons | 1 | |
10 total
» buildings
| Farm | 6 | |
| Altar of Kings | 4 | |
| Scout Tower | 8 | |
| Arcane Tower | 2 | |
| Lumber Mill | 1 | |
| Guard Tower | 9 | |
| Arcane Vault | 1 | |
| Keep | 1 | |
| Blacksmith | 2 | |
| Workshop | 2 | |
| Castle | 2 | |
38 total
» build order
04:28 Farm
04:52 Altar of Kings
05:27 Altar of Kings
05:39 Altar of Kings
05:41 Scout Tower
06:00 Arcane Tower
06:04 Lumber Mill
06:07 Farm
06:46 Scout Tower
07:15 Guard Tower
07:29 Arcane Vault
07:38 Scout Tower
07:43 Scout Tower
07:56 Scout Tower
08:15 Guard Tower
08:20 Keep
08:51 Guard Tower
09:09 Scout Tower
09:15 Scout Tower
09:53 Arcane Tower
09:54 Guard Tower
09:58 Farm
10:03 Blacksmith
10:10 Blacksmith
11:09 Farm
11:30 Workshop
11:33 Workshop
12:17 Castle
12:17 Castle
14:45 Guard Tower
14:46 Guard Tower
14:47 Guard Tower
14:47 Guard Tower
15:46 Scout Tower
16:13 Guard Tower
18:41 Altar of Kings
18:44 Farm
19:25 Farm
» items
| Boots of Speed | 1 | |
| Staff of Teleportation | 1 | |
| Dust of Appearance | 1 | |
| Potion of Lesser Invulnerability | 1 | |
| Ivory Tower | 7 | |
| Lesser Clarity Potion | 1 | |
| Orb of Fire | 1 | |
| Potion of Healing | 1 | |
| Scroll of Town Portal | 1 | |
15 total
Chat log
(00:19 / Allies) caHTa-aHyc: (
(00:21 / Allies) Steve092: np
(00:22 / All) Black_swordsman: =
(00:23 / All) Black_swordsman: ?
(00:26 / Allies) Steve092: orange not play last game
(00:36 / Allies) Steve092: np
(00:45 / Allies) coolbeat: me fast mgs
(00:54 / Allies) Steve092: ok
(00:56 / Allies) caHTa-aHyc: make mass and go
(01:03 / Allies) coolbeat: no mass here
(01:31 / Allies) caHTa-aHyc: units?
(01:56 / Allies) Steve092: give me gold
(01:58 / Allies) Steve092: human
(04:14 / Allies) caHTa-aHyc: wa are haven'tunits((((((
(07:28 / Allies) Steve092: 0 expand ?
(07:28 / Allies) Steve092: lol
(07:45 / Allies) coolbeat: go center creep?
(07:51 / Allies) Steve092: creep
(07:52 / Allies) Steve092: expand
(07:53 / Allies) Steve092: retar
(10:06 / All) SmokeBreak: DEATH TO NIGGERS
(10:07 / All) SmokeBreak: RAHOWA
(11:41 / Allies) Steve092: why cree p?
(11:47 / Allies) coolbeat: b
(11:48 / Allies) caHTa-aHyc: no creep
(11:55 / Allies) caHTa-aHyc: trolls
(12:14 / Allies) SmokeBreak: lumber
(13:04 / Allies) caHTa-aHyc: dk
(14:09 / Allies) SmokeBreak: hit and run that base
(15:43 / Allies) Steve092: t
(15:47 / Allies) caHTa-aHyc: go
(17:32 / Allies) SmokeBreak: put a tp on me and I'll tp
(17:42 / Allies) caHTa-aHyc: i tp
(18:42 / All) SmokeBreak: good one
(18:52 / All) DoNotTry: Oh yes mass army against a hero
(18:56 / All) DoNotTry: U r sooo pro teal omg
(19:05 / All) SmokeBreak: you ran back to me retard and got surrounded LOL
(20:11 / All) SmokeBreak: DEATH TO ALL NEGROES